 Dungeon Crawl Stone Soup version 0.29-a0-414-g5075937ec3 (webtiles) character file.

Game seed: 12093001103064268661

126 jlumianski the Skirmisher (level 4, 0/37 HPs)
             Began as a Demonspawn Fighter on May 15, 2022.
             Slain by a gnoll
             ... wielding a +0 whip
              (4 damage)
             ... on level 4 of the Dungeon.
             The game lasted 00:10:21 (3038 turns).

jlumianski the Skirmisher (Demonspawn Fighter)      Turns: 3038, Time: 00:10:21

Health: 0/37       AC:  6    Str: 18    XL:     4   Next: 83%
Magic:  4/4        EV:  9    Int: 10    God:
Gold:   66         SH:  5    Dex: 14    Spells: 3/3 levels left

rFire   . . .      SeeInvis .   a - +0 war axe
rCold   . . .      Faith    .   c - +0 buckler
rNeg    . . .      Spirit   .   b - +0 scale mail
rPois   .          Reflect  .   (helmet restricted)
rElec   .          Harm     .   (no cloak)
rCorr   .          Rampage  .   (no gloves)
Will    .....                   (no boots)
Stlth   +.........              (no amulet)
HPRegen 0.12/turn               (no ring)
MPRegen 0.09/turn               (no ring)

@: invisible
A: horns 1, thin skeletal structure 1, demonic guardian 1
a: no special abilities


You were on level 4 of the Dungeon.
You visited 1 branch of the dungeon, and saw 4 of its levels.

You collected 157 gold pieces.
You spent 91 gold pieces at shops.

Inventory:

Hand Weapons
 a - a +0 war axe (weapon)
 i - a +2 dagger of electrocution
 k - a +1 short sword of electrocution
Missiles
 g - 70 stones (quivered)
Armour
 b - a +0 scale mail (worn)
 c - a +0 buckler (worn)
Jewellery
 j - a +4 ring of evasion
Scrolls
 e - 3 scrolls of noise
 f - 3 scrolls of fog
 l - 2 scrolls of teleportation
 p - a scroll of amnesia {unknown}
Potions
 d - 2 potions of might
 h - a potion of flight
 m - 3 potions of invisibility
 n - 2 potions of heal wounds {unknown}
 o - 2 potions of curing {unknown}
 q - 2 potions of magic {unknown}


   Skills:
 + Level 3.6 Fighting
 + Level 3.0 Axes
 + Level 3.5 Armour
 + Level 0.7 Dodging
 + Level 3.0 Shields


You had 3 spell levels left.
You didn't know any spells.
Your spell library contained the following spells:

 Spells                   Type           Power      Damage    Failure   Level
 Animate Skeleton         Necr           0%         N/A       83%         1
 Apportation              Tloc           0%         N/A       83%         1
 Summon Small Mammal      Summ           0%         N/A       83%         1


Dungeon Overview and Level Annotations

Branches:
Dungeon (4/15)
 Temple: D:4-7

Altars:

Shops:
D:2 ?   D:3 :


Innate Abilities, Weirdness & Mutations

You have a pair of small horns on your head.
You have a somewhat thin skeletal structure. (Dex +2, Stealth+)
A weak demonic guardian rushes to your aid.


Message History

You barely miss the gnoll. The gnoll hits you with a +0 whip.
You block the gnoll's attack. The gnoll hits you but does no damage.
You block the gnoll's attack.
You closely miss the gnoll.
The gnoll is heavily wounded.
You barely miss the gnoll. The gnoll barely misses you.
You block the gnoll's attack.
You hit the gnoll.
The gnoll is severely wounded.
You barely miss the gnoll. The gnoll hits you with a +0 whip.
The gnoll closely misses you.
You slash the gnoll!
You kill the gnoll!
You closely miss the gnoll. The gnoll barely misses you. x2
The hobgoblin hits you.
* * * LOW HITPOINT WARNING * * *
You barely miss the hobgoblin. You completely miss the gnoll.
The gnoll hits you with a +0 whip.
* * * LOW HITPOINT WARNING * * *
You block the hobgoblin's attack.
You hit the hobgoblin.
The hobgoblin is lightly wounded.
You hit the gnoll.
The hobgoblin hits you but does no damage.
The gnoll hits you with a +0 whip.
* * * LOW HITPOINT WARNING * * *
A demonic guardian appears!
The hobgoblin attacks as you move away!
The hobgoblin hits you but does no damage.
The hobgoblin barely misses your white imp.
Your white imp closely misses the gnoll.
The gnoll attacks as you move away! The gnoll barely misses you.
The hobgoblin hits your white imp but does no damage.
Your white imp closely misses the gnoll.
The gnoll attacks as you move away! The gnoll hits you with a +0 whip.
* * * LOW HITPOINT WARNING * * *
You fade into invisibility!
The hobgoblin barely misses your white imp.
The gnoll hits you with a +0 whip.
You die...

#..# ##..<... #..#
###..... #.(#
###.#...## #.)#
###......### #.)#
##.......## #.g#
##......).#
#)5###..........#
#.g##...........#
##@#.............#
#.##............#
##.............###
##.[..........###
##..##....##.###
##..####....###
#..## ##....# #.##
##.## ### ##


You could see a gnoll (can't see you, ally target), a hobgoblin (can't see you)
and a friendly white imp (summoned).

Vanquished Creatures
  2 adders
  2 gnolls (D:4)
  2 dart slugs (D:1)
  3 orcs (D:3)
  8 ball pythons
  6 endoplasms
  4 giant cockroaches
  7 goblins
  7 hobgoblins
  4 jackals (D:2)
  8 kobolds
  5 quokkas
  6 bats
  6 frilled lizards
  6 rats
76 creatures vanquished.

Vanquished Creatures (collateral kills)
  A quokka (D:2)
1 creature vanquished.

Vanquished Creatures (others)
  2 fungi (D:2)
  4 plants (D:2)
  4 toadstools (D:1)
10 creatures vanquished.

Grand Total: 87 creatures vanquished

Notes
Turn   | Place    | Note
-------+----------+-------------------------------------------
     0 | D:1      | jlumianski the Demonspawn Fighter began the quest for the
                  | Orb.
     0 | D:1      | Reached XP level 1. HP: 18/18 MP: 1/1
    59 | D:1      | Gained mutation: You have a somewhat thin skeletal
                  | structure. (Dex +2, Stealth+) [demonic ancestry]
    59 | D:1      | Reached XP level 2. HP: 10/24 MP: 2/2
   869 | D:2      | Gained mutation: A weak demonic guardian rushes to your
                  | aid. [demonic ancestry]
   869 | D:2      | Reached XP level 3. HP: 21/29 MP: 3/3
   879 | D:2      | Found a faded altar of an unknown god.
  1360 | D:2      | Found Ehalemac's Magic Scroll Emporium.
  1363 | D:2      | Bought a scroll of identify for 26 gold pieces
  1363 | D:2      | Bought a scroll of identify for 26 gold pieces
  1363 | D:2      | Bought a scroll of teleportation for 39 gold pieces
  2105 | D:2      | Gained mutation: You have a pair of small horns on your
                  | head. [demonic ancestry]
  2105 | D:2      | Reached XP level 4. HP: 33/35 MP: 4/4
  2291 | D:3      | Found Soekhlij's Book Shop.
  3038 | D:4      | Slain by a gnoll

Illustrated notes

Levels and vault maps discovered:
D:1:      ldierk_walled_garden_2, layout_rooms
D:2:      layout_basic, serial_shops, nicolae_shop_behind_doors,
          dreamdust_ecumenical_altar_grove
D:3:      layout_rooms, serial_shops, nicolae_shop_waterfront, minivault_19,
          st_stairs_9
D:4:      layout_cave_pods, minmay_temple_entry_sparse_star

Skill      XL: |  1  2  3  4 |
---------------+-------------+-----
Axes           | 2 3 |  3.0
Armour         | 3 |  3.5
Shields        | 3 |  3.0
Fighting       | |  3.6
Dodging        | |  0.7

Action                   |  1- 3 |  4- 6 || total
-------------------------+-------+-------++-------
Melee: War axe           |   145 |    62 ||   207
       Headbutt          |       |     9 ||     9
  Use: Scroll            |     4 |       ||     4
       Potion            |       |     1 ||     1
Armor: Scale mail        |    85 |    22 ||   107
Dodge: Dodged            |    86 |    32 ||   118
Block: Buckler           |    41 |    18 ||    59

Table legend: (Time is in decaauts)
 A = Elapsed time spent in this place.
 B = Non-inter-level travel time spent in this place.
 C = Inter-level travel time spent in this place.
 D = Time resting spent in this place.
 E = Time spent auto-exploring this place.
 F = Levels seen in this place.
 G = Mean time per level.
                   A        B        C        D        E       F      G
               +--------+--------+--------+--------+--------+-----+--------+
         Total |   3130 |   3101 |     29 |    510 |   1503 |   4 |  782.5 |
       Dungeon |   3130 |   3101 |     29 |    510 |   1503 |   4 |  782.5 |
               +--------+--------+--------+--------+--------+-----+--------+

Top non-repeatable levels by time:
     D:2: 1199 daAuts
     D:1: 967 daAuts
     D:3: 865 daAuts
     D:4: 97 daAuts
